 Dungeon Crawl Stone Soup version bcrawl-1.37.2 (webtiles) character file.

Game seed: 8219078482396519002

167529 Morbidden the Sneak (level 6, -6/36 HPs)
             Began as a Vine Stalker Archaeologist on Nov 28, 2022.
             Mangled by Menkaure (9 damage)
             ... in an ossuary.
             The game lasted 00:05:13 (2863 turns).

Morbidden the Sneak (Vine Stalker Archaeologist)    Turns: 2863, Time: 00:05:14

Health: -6/36      AC: 17    Str: 17    XL:     6   Next: 17%
Magic:  7/7        EV:  8    Int: 16    God:
Gold:   204        SH:  0    Dex: 13    Spells: 5/5 levels left

rFire    . . .     GDR:     26% a - +0 flail
rCold    . . .     SeeInvis .   (no shield)
rNeg     . . .     Gourm    .   j - +0 chain mail
rPois    .         Faith    .   d - +1 hat
rElec    .         Spirit   .   (no cloak)
rCorr    +         Reflect  .   (no gloves)
MR       .....                  c - +1 pair of boots
Stlth    ..........             (no amulet)
HPRegen  0.56/turn              l - ring of resist corrosion
MPRegen  0.10/turn              h - ring "Koubyi" {AC+6 Str+4}

@: no status effects
A: fangs 3, regeneration 1, no potion heal 3, rot immunity, strong jaws
a: no special abilities


You were in an ossuary.
You were hungry.

You visited 1 branch of the dungeon, and saw 4 of its levels.
You also visited: Ossuary.

You collected 204 gold pieces.

Inventory:

Hand Weapons
 a - a +0 flail (weapon)
 b - a +0 blowgun
Missiles
 f - 3 curare-tipped needles
 m - 89 poisoned needles
 t - 103 poisoned tomahawks (quivered)
Armour
 c - a +1 pair of boots (worn)
 d - a +1 hat (worn)
 j - a +0 chain mail (worn)
Jewellery
 h - the ring "Koubyi" (right hand) {AC+6 Str+4}
   (You acquired it on level 2 of the Dungeon)

   [ring of protection]

   It affects your AC (+6).
   It affects your strength (+4).
 l - a ring of resist corrosion (left hand)
Wands
 r - a wand of digging (5)
Scrolls
 g - 3 scrolls of magic mapping
 i - a scroll of identify
 k - 2 scrolls of remove curse {unknown}
 n - a scroll of teleportation {unknown}
 o - a scroll of fog {unknown}
Potions
 p - a potion of agility {unknown}
 q - a potion of heal wounds {unknown}
 s - 2 potions of curing
Comestibles
 e - 7 rations {!d}


   Skills:
 * Level 2.3 Fighting
 * Level 3.1 Maces & Flails
 * Level 1.6 Armour
 * Level 4.5 Dodging
 + Level 5.1 Stealth


You had 5 spell levels left.
You didn't know any spells.
Your spell library was empty.

Dungeon Overview and Level Annotations

Branches:
Dungeon (4/12)
 Temple: D:4-7

Altars:
Wu Jian

Annotations:
D:3 2 transporters Ossuary Menkaure


Innate Abilities, Weirdness & Mutations

You have razor-sharp teeth.
Your natural rate of healing is unusually fast.
Potions cannot restore your health.
You are immune to rotting.
Your bites deal extra damage.


Message History

Menkaure calls on the powers of darkness!
Your body is wracked with pain!
Menkaure calls on the powers of darkness!
Your body is wracked with pain!
You sock the orc skeleton!
You destroy the orc skeleton!
A goblin skeleton comes into view.
Menkaure barely misses you.
You barely miss Menkaure. Your bite misses Menkaure.
Menkaure barely misses you.
You hit Menkaure. You bite Menkaure!
Menkaure is heavily damaged.
Menkaure casts a spell.
Menkaure seems to speed up.
You hit Menkaure.
Menkaure is severely damaged.
Menkaure hits you!
* * * LOW HITPOINT WARNING * * *
Menkaure hits you!
You die...

##..##..##..####..##..##.^##
##..##..##..## ##..##..##..##
##..##..##..## ##..##..##..##
##..##..##..## ##..##..##..#
#..##..##..## ##..##..##^.
..##..##..## ##..##..##.
.##..##..## ##..##..##
##..##..##############''##..##..#
#..##...........@MZ..... ##..##..
..##########################..##.
...............................##
#################################
.................................
#################################


You could see Menkaure and a goblin skeleton.

Vanquished Creatures
  An orc priest (D:2)
  A crimson imp (D:3)
  Terence (D:2)
  5 adders
  An ooze (D:2)
  2 worms
  A dart slug (D:3)
  5 leopard geckos
  7 orcs
  2 giant cockroaches
  2 gnoll zombies (Ossuary)
  6 goblins
  11 hobgoblins
  3 quokkas (D:3)
  4 bats
  4 frilled lizards
  3 gnoll skeletons (Ossuary)
  4 goblin skeletons (Ossuary)
  5 goblin zombies (Ossuary)
  5 hobgoblin skeletons (Ossuary)
  3 hobgoblin zombies (Ossuary)
  5 kobolds
  A kobold skeleton (Ossuary)
  9 kobold zombies (Ossuary)
  2 orc skeletons (Ossuary)
  2 orc zombies (Ossuary)
  4 rats
  6 rat skeletons (Ossuary)
  2 rat zombies (Ossuary)
107 creatures vanquished.

Notes
Turn   | Place    | Note
-------+----------+-------------------------------------------
     0 | D:1      | Morbidden the Vine Stalker Archaeologist began the quest
                  | for the Orb.
     0 | D:1      | Reached XP level 1. HP: 11/11 MP: 2/2
   159 | D:1      | Reached skill level 1 in Maces & Flails
   183 | D:1      | Reached XP level 2. HP: 16/16 MP: 3/3
   288 | D:1      | Reached skill level 1 in Fighting
   818 | D:2      | Noticed Terence
   828 | D:2      | Killed Terence
   829 | D:2      | Reached XP level 3. HP: 8/20 MP: 4/4
   910 | D:1      | HP: 1/20 [poisoned by an adder]
   912 | D:1      | Reached XP level 4. HP: 1/25 MP: 5/5
   969 | D:1      | Reached skill level 1 in Armour
  1686 | D:3      | Found a transporter.
  1691 | D:3      | Noticed a kobold demonologist
  1704 | D:3      | Found a transporter.
  1879 | D:2      | Reached skill level 5 in Stealth
  1879 | D:2      | Reached XP level 5. HP: 20/30 MP: 6/6
  1879 | D:2      | Identified a scroll of acquirement
  1880 | D:2      | Identified the ring "Koubyi" {AC+6 Str+4} (You acquired it
                  | on level 2 of the Dungeon)
  2145 | D:3      | Found an ornate altar of the Wu Jian Council.
  2537 | D:4      | Gained mutation: You have razor-sharp teeth. [Vine Stalker
                  | growth]
  2537 | D:4      | Reached XP level 6. HP: 34/36 MP: 7/7
  2550 | D:4      | Found a sand-covered staircase.
  2559 | Ossuary  | Entered an ossuary
  2855 | Ossuary  | Noticed Menkaure
  2863 | Ossuary  | Mangled by Menkaure

Skill      XL: |  1  2  3  4  5  6 |
---------------+-------------------+-----
Maces & Flails | 1 2 3 |  3.1
Fighting       | 1 2 |  2.3
Dodging        | 4 |  4.5
Armour         | 1 |  1.6
Stealth        | 5 |  5.1

Action                   |  1- 3 |  4- 6 || total
-------------------------+-------+-------++-------
Melee: Whip              |    67 |       ||    67
       Bite              |     6 |    26 ||    32
       Flail             |    26 |   283 ||   309
 Fire: Blowgun           |    14 |     8 ||    22
  Use: Scroll            |       |     3 ||     3
 Stab: Sleeping          |     1 |     5 ||     6
  Eat: Chunk             |     2 |    12 ||    14
       Ration            |       |     1 ||     1
Armor: Robe              |    27 |       ||    27
       Ring mail         |     9 |    35 ||    44
       Chain mail        |       |   117 ||   117
Dodge: Dodged            |   105 |   153 ||   258
